 Dungeon Sprint DCSS version 0.28-a0-247-gb8bfbab023 (webtiles) character file.

Game seed: 16160281359626632227

25881 MikeHunt the Fencer (level 12, -3/104 HPs)
             Began as a Palentonga Monk on Aug 25, 2021.
             Was the Champion of Makhleb.
             Slain by a spriggan air mage (8 damage)
             ... in the Dungeon (Sprint V: "Ziggurat Sprint").
             The game lasted 00:10:40 (742 turns).

MikeHunt the Fencer (Palentonga Monk)                Turns: 742, Time: 00:10:41

Health: -3/104     AC: 25    Str: 32    XL:     12   Next: 93%
Magic:  9/12       EV: 11    Int: 10    God:    Makhleb [******]
Gold:   0          SH: 14    Dex: 13    Spells: 11/11 levels left

rFire   . . .      SeeInvis +   O - +7 Screaming Sword {vorpal, sonic wave}
rCold   + . .      Faith    .   s - +3 kite shield
rNeg    . . .      Spirit   .   x - +5 storm dragon scales
rPois   .          Reflect  .   (no helmet)
rElec   +          Harm     .   U - scarf {repulsion}
rCorr   .          Rampage  .   (no gloves)
Will    .....      NoTele   +   (no barding)
Stlth   ..........              Z - amulet "Catos" {rC+ Regen+ SInv}
HPRegen 1.27/turn               K - +6 ring of strength
MPRegen 0.13/turn               L - +6 ring of strength

@: very slightly contaminated, hasted, studying Earth Magic, invisible, repel
missiles, curled up, very quick
A: large, rugged brown scales 3, see invisible, deformed body, roll 1, armoured
tail, reflexive curl, frail 1
a: Rolling Charge, Renounce Religion, Minor Destruction, Lesser Servant of
Makhleb, Major Destruction, Greater Servant of Makhleb


You were in the Dungeon.
You worshipped Makhleb.
Makhleb was exalted by your worship.
You visited 1 branch

Inventory:

Hand Weapons
 O - the +7 Screaming Sword (weapon) {vorpal, sonic wave}
   (You found it in the Dungeon)

   It inflicts extra damage upon your enemies.
   It radiates damaging sonic waves as it strikes, especially in combat
   involving dangerous or numerous foes.
 P - the +5 sword of Power {vorpal}
   (You found it in the Dungeon)

   It inflicts extra damage upon your enemies.
   It occasionally discharges a powerful but inaccurate bolt of energy upon
   striking a foe, with increased chance the greater the wielder's current
   health.
 Q - the +9 sword of Zonguldrok {reap}
   (You found it in the Dungeon)

   Any living foe damaged by it may be reanimated upon death as a zombie
   friendly to the wielder, with an increasing chance as more damage is dealt.
 R - the +9 arbalest "Vedgher" {penet, rPois}
   (You found it in the Dungeon)

   Any ammunition fired by it passes through the targets it hits, potentially
   hitting all targets in its path until it reaches maximum range.
   rPois:     It protects you from poison.
Armour
 s - a +3 kite shield (worn)
 t - a +3 tower shield
 u - a +3 buckler
 v - +5 fire dragon scales
 w - +5 ice dragon scales
 x - +5 storm dragon scales (worn)
 y - +5 shadow dragon scales
 z - +5 gold dragon scales
 A - a +5 crystal plate armour
 B - a +5 plate armour
 N - the +18 shield of the Gong {rElec rN+ Will+ EV-5}
   (You found it in the Dungeon)

   It is deafeningly noisy when blocking attacks.
   EV:        It affects your evasion (-5).
   rElec:     It insulates you from electricity.
   rN:        It protects you from negative energy.
   Will:      It increases your willpower.
 U - a scarf of repulsion (worn)
Jewellery
 a - a ring of protection from cold
 F - a ring of flight
 G - the amulet "Ufego" {Reflect MP+9 Dex+3 SH+5}
   (You took it off a spriggan in the Dungeon)

   [amulet of reflection]

   It reflects blocked missile attacks.
   Dex:       It affects your dexterity (+3).
   MP:        It affects your magic capacity (+9).
   SH:        It affects your SH (+5).
 H - a +6 ring of dexterity
 J - a +6 ring of intelligence
 K - a +6 ring of strength (left hand)
 L - a +6 ring of strength (right hand)
 V - a ring of poison resistance
 W - a ring of fire
 X - an amulet of guardian spirit
 Y - a ring of protection from fire
 Z - the amulet "Catos" (around neck) {rC+ Regen+ SInv}
   (You found it in the Dungeon)

   [amulet of regeneration]

   rC:        It protects you from cold.
   SInv:      It lets you see invisible.
   Regen:     It increases your rate of health regeneration.
Wands
 C - a wand of mindburst (7)
 D - a wand of iceblast (6)
 E - a wand of acid (6)
Scrolls
 h - 4 scrolls of blinking
 n - 7 scrolls of fog
 o - 5 scrolls of identify
 p - 2 scrolls of fear
 q - 4 scrolls of amnesia
 r - a scroll of holy word
Potions
 c - 4 potions of curing
 d - 4 potions of heal wounds
 e - 12 potions of haste
 f - 7 potions of magic
 g - 3 potions of berserk rage
 i - 2 potions of brilliance
 k - 3 potions of resistance
 m - 5 potions of might
Miscellaneous
 b - a phantom mirror
 l - a tin of tremorstones (2/2)
 M - a lightning rod (4/4) (quivered)
 S - a box of beasts
 T - a box of beasts


   Skills:
 + Level 14.3 Fighting
 + Level 15.7 Long Blades
 + Level 11.7 Armour
 + Level 12.0 Dodging
 - Level 1.2 Stealth
 - Level 9.0 Shields
 + Level 14.3 Evocations


You had 11 spell levels left.
You didn't know any spells.
Your spell library contained the following spells:

 Spells                   Type           Power      Damage    Failure   Level
 Animate Skeleton         Necr           0%         N/A       78%         1
 Apportation              Tloc           0%         N/A       78%         1
 Freeze                   Ice            0%         1d3       78%         1
 Pain                     Necr           0%         1d4       78%         1
 Shock                    Conj/Air       0%         1d3       78%         1
 Static Discharge         Conj/Air       0%         N/A       89%         2
 Conjure Flame            Conj/Fire      0%         6-21      98%         3
 Gell's Gravitas          Tloc           0%         N/A       98%         3
 Ignite Poison            Fire/Tmut/Pois 0%         N/A       98%         3
 Inner Flame              Hex/Fire       0%         N/A       98%         3
 Mephitic Cloud           Conj/Pois/Air  0%         N/A       98%         3
 Swiftness                Air            0%         N/A       98%         3
 Teleport Other           Tloc           0%         N/A       98%         3
 Airstrike                Air            0%         N/A       100%        4
 Cause Fear               Hex            0%         N/A       100%        4
 Sticky Flame             Conj/Fire      0%         2d3       100%        4
 Summon Lightning Spire   Summ/Air       0%         N/A       100%        4
 Alistair's Intoxication  Tmut/Pois      0%         N/A       100%        5
 Freezing Cloud           Conj/Ice/Air   0%         6-21      100%        5
 Manifold Assault         Tloc           0%         N/A       100%        5
 Summon Forest            Summ/Tloc      0%         N/A       100%        5
 Conjure Ball Lightning   Conj/Air       0%         3x3d6     100%        6
 Death Channel            Necr           0%         N/A       100%        6
 Dispersal                Tloc           0%         N/A       100%        6
 Invisibility             Hex            0%         N/A       100%        6
 Iron Shot                Conj/Erth      0%         9d1       100%        6
 Simulacrum               Ice/Necr       0%         N/A       100%        6
 Dragon Form              Tmut           0%         N/A       100%        7
 Haunt                    Necr/Summ      0%         N/A       100%        7
 Orb of Destruction       Conj           0%         N/A       100%        7
 Storm Form               Tmut/Air       0%         N/A       100%        7
 Borgnjor's Revivificati  Necr           0%         N/A       100%        8
 Lehudib's Crystal Spear  Conj/Erth      0%         10d2      100%        8
 Maxwell's Capacitive Co  Air            0%         ∞         100%        8
 Dragon's Call            Summ           0%         N/A       100%        9
 Polar Vortex             Ice            0%         N/A       100%        9


Dungeon Overview and Level Annotations

Branches:
Dungeon (1/1)

Altars:
Ashenzari
Cheibriados
Dithmenos
Elyvilon
Fedhas
Gozag
Hepliaklqana
Kikubaaqudgha
Makhleb
Nemelex Xobeh
Okawaru
Qazlal
Ru
Sif Muna
Trog
Uskayaw
Vehumet
Wu Jian
Xom
Yredelemnul
Zin
The Shining One
Beogh
Jiyva
Lugonu


Innate Abilities, Weirdness & Mutations

You are completely covered in rugged brown scales. (AC +3, +7% HP)
You have supernaturally acute eyesight. (SInv)
Armour fits poorly on your strangely shaped body.
You can roll at nearby foes to attack.
You have a long armoured tail.
You curl defensively after being hit.
You are frail. (-10% HP)


Message History

The storm dragon roars deafeningly!
You hear a deafening roar!
You catch the helpless storm dragon completely off-guard!
You slash the storm dragon!
Your tail-slap misses the storm dragon.
The storm dragon is moderately wounded.
The air elemental hits you but does no damage.
The air elemental barely misses you.
You riposte.
You barely miss the air elemental.
Your tail-slap misses the air elemental.
The air elemental is lightly damaged.
You miss the spriggan air mage.
The air elemental hits you but does no damage.
The spriggan air mage hits you with a +1 antimagic short sword.
* * * LOW HITPOINT WARNING * * *
You feel your power leaking away. The storm dragon barely misses you.
You riposte.
You hit the storm dragon but do no damage.
You tail-slap the storm dragon, but do no damage.
The storm dragon is moderately wounded.
You block the storm dragon's attack.
The storm dragon tramples you but does no damage.
You feel much better.
The spriggan air mage hits you but does no damage.
You block the storm dragon's attack. The storm dragon barely misses you.
The storm dragon tramples you but does no damage.
You feel yourself speed up. You block the air elemental's attack.
The air elemental closely misses you.
The spriggan air mage hits you with a +1 antimagic short sword.
You feel your power leaking away. The storm dragon closely misses you.
The storm dragon claws you. You block the storm dragon's attack.
The wind drake flaps its wings at you. The air twists around and strikes you.
You hit the storm dragon.
The storm dragon is lightly wounded.
The titan waves its arms in wide circles.
The air twists around and strikes you!!
* * * LOW HITPOINT WARNING * * *
You block the air elemental's attack.
The spriggan air mage hits you with a +1 antimagic short sword!
You die...

▓.8©8.▓.8©8.▓.8
=}=[):..▓▓...|.▓...|.▓..
?)|::}...▓▓.....▓.....▓.)
▓...........▓▓...†.▓.....▓..
▓...........▓▓.....▓.....▓..
▓...........▓▓.....▓.†...▓..
▓.......DCk.▓▓..©..▓..©..▓▓▓
..▓....i▓Di▓▓▓▓▓▓▓▓▓▓▓▓▓▓▓▓
▓.▓...▓D▓@▓..8©8...▓..8©8.
▓..▓.....▓ED▓..|.|...▓..).).
▓.....©.k.D.▓...)....▓..[...
▓▓▓▓▓▓▓▓▓▓▓▓▓........▓...)..
▓....8©8....▓........▓..))..
▓.."))[|[...▓........▓...)..
▓...)})..)..▓...©....▓...©..
▓.....†.....▓▓▓▓▓▓▓▓▓▓▓▓▓▓▓▓
▓...........▓...8©8...▓..8©8


You could see a titan, 4 storm dragons, 2 wind drakes, a spriggan air mage
(repels missiles) and an air elemental.

Vanquished Creatures
  2 vault wardens (D)
  2 ghouls (D)
  A very ugly thing (D)
  An ettin (shapeshifter) (D)
  5 crystal guardians (D)
  2 hydras (D)
  A yaktaur captain (D)
  A vault guard (D)
  A death yak (shapeshifter) (D)
  A soul eater (D)
  A deep elf knight (D)
  An iron golem (D)
  A glowing orange brain (shapeshifter) (D)
  A deep elf archer (D)
  A deep elf zephyrmancer (D)
  A wizard (D)
  2 deep elf pyromancers (D)
  A manticore (shapeshifter) (D)
  A moth of wrath (shapeshifter) (D)
  2 elephants (D)
  A black mamba (D)
  A vault sentinel (D)
  A gargoyle (D)
  2 yaktaurs (shapeshifter) (D)
  An unseen horror (shapeshifter) (D)
  A komodo dragon (D)
  A polar bear (D)
  A hornet (D)
  3 slime creatures (D)
  A blink frog (D)
  A dream sheep (shapeshifter) (D)
  5 spriggans (D)
  2 air elementals (D)
  A spriggan (shapeshifter) (D)
  A tarantella (D)
  A golden eye (D)
  A basilisk (D)
  A neqoxec (D)
  A floating eye (shapeshifter) (D)
  4 hell hounds (D)
  A black bear (D)
  A wolf (D)
  A necrophage (D)
  2 phantoms (D)
  2 scorpions (D)
  5 earth elementals (D)
  2 quasits (D)
  3 jellies (D)
  An iron imp (D)
  2 shadow imps (D)
  A white imp (D)
  3 ufetubi (D)
  2 adder skeletons (D)
  A bat skeleton (D)
  2 endoplasms (D)
  4 ball python skeletons (D)
  2 ball python zombies (D)
  A giant cockroach zombie (D)
  3 quokka skeletons (D)
  A quokka zombie (D)
  A spectral ball python (D)
  A spectral giant cockroach (D)
102 creatures vanquished.

Vanquished Creatures (others)
  A bat skeleton (D)
1 creature vanquished.

Grand Total: 103 creatures vanquished

Notes
Turn   | Place    | Note
-------+----------+-------------------------------------------
     0 | D        | MikeHunt the Palentonga Monk began the quest for the Orb.
     0 | D        | Reached XP level 1. HP: 19/19 MP: 1/1
     0 | D        | Found a shimmering blue altar of Sif Muna.
     0 | D        | Found a sacrificial altar of Ru.
     0 | D        | Found a bloodstained altar of Trog.
     0 | D        | Found a stormy altar of Qazlal.
     0 | D        | Found an iron altar of Okawaru.
     0 | D        | Found a sparkling altar of Nemelex Xobeh.
     0 | D        | Found a blossoming altar of Fedhas.
     0 | D        | Found the +6 Majin-Bo {vamp, MP+6 Int+6}
     0 | D        | Found the +9 heavy crossbow "Sniper" {vorpal, Acc+∞ SInv}
     0 | D        | Found the +10 dark maul {vorpal}
     0 | D        | Found the +15 Maxwell's patent armour {-Cast -Tele rElec
                  | Will+ rCorr}
     0 | D        | Found the +18 shield of the Gong {rElec rN+ Will+ EV-5}
     0 | D        | Found the +14 obsidian axe {vorpal, Drain Fly SInv}
     0 | D        | Found the +7 great mace "Firestarter" {inner flame, rF++}
     0 | D        | Found the +6 shillelagh "Devastator" {shatter}
     0 | D        | Found the +11 plutonium sword {Contam Stlth-}
     0 | D        | Found the +8 lance "Wyrmbane" {slay drac, rPois rF+ rC+
                  | AC+3}
     0 | D        | Found the +9 sword of Zonguldrok {reap}
     0 | D        | Found the +13 scythe of Curses {drain, Drain}
     0 | D        | Found the +5 sword of Power {vorpal}
     0 | D        | Found the +7 mace of Variability {chain chaos}
     0 | D        | Found the +7 Singing Sword {vorpal, sonic wave}
     0 | D        | Found the +8 storm bow {elec, penet}
     2 | D        | Found a transporter.
     2 | D        | Found an ancient bone altar of Kikubaaqudgha.
     2 | D        | Found a viscous altar of Jiyva.
     2 | D        | Found a corrupted altar of Lugonu.
     2 | D        | Found a hazy altar of Hepliaklqana.
     2 | D        | Found a burning altar of Makhleb.
     2 | D        | Found an opulent altar of Gozag.
    38 | D        | Became a worshipper of Makhleb the Destroyer
    38 | D        | Reached * piety under Makhleb
    38 | D        | Reached ** piety under Makhleb
    45 | D        | Reached skill level 4 in Long Blades
    45 | D        | Reached XP level 2. HP: 27/27 MP: 2/2
    63 | D        | Entered arena 2.
    63 | D        | Noticed a golden eye
    63 | D        | Found a transporter.
    74 | D        | Reached skill level 5 in Long Blades
    74 | D        | Reached XP level 3. HP: 33/33 MP: 3/3
    75 | D        | Killed a golden eye
    76 | D        | Reached skill level 7 in Long Blades
    76 | D        | Reached skill level 5 in Shields
    76 | D        | Reached skill level 5 in Evocations
    76 | D        | Reached XP level 4. HP: 40/40 MP: 4/4
    76 | D        | Reached XP level 5. HP: 46/46 MP: 5/5
    89 | D        | Entered arena 3.
    89 | D        | Noticed a tarantella
    89 | D        | Found a transporter.
    99 | D        | Killed a tarantella
    99 | D        | Reached *** piety under Makhleb
   100 | D        | Reached skill level 8 in Long Blades
   100 | D        | Reached XP level 6. HP: 41/52 MP: 6/6
   110 | D        | Got the +9 arbalest "Vedgher" {penet, rPois}
   123 | D        | Entered arena 4.
   123 | D        | Found a transporter.
   126 | D        | Reached **** piety under Makhleb
   127 | D        | Reached skill level 5 in Fighting
   127 | D        | Reached skill level 9 in Long Blades
   127 | D        | Reached skill level 1 in Armour
   127 | D        | Gained mutation: You curl defensively after being hit.
                  | [Palentonga growth]
   127 | D        | Reached XP level 7. HP: 59/59 MP: 7/7
   141 | D        | Entered arena 5.
   141 | D        | Found a transporter.
   142 | D        | Reached ***** piety under Makhleb
   149 | D        | Got Sif Muna's Grimoire of the Harmful Volcanoes
   151 | D        | Entered arena 6.
   151 | D        | Noticed a deep elf pyromancer
   151 | D        | Noticed a deep elf pyromancer
   151 | D        | Noticed a deep elf knight
   151 | D        | Noticed a deep elf archer
   151 | D        | Noticed a deep elf zephyrmancer
   151 | D        | Found a transporter.
   152 | D        | Noticed a fire elemental
   152 | D        | Noticed a fire elemental
   156 | D        | Noticed a fire elemental
   156 | D        | Noticed a fire elemental
   156 | D        | Killed a deep elf pyromancer
   157 | D        | Reached XP level 8. HP: 51/69 MP: 8/8
   157 | D        | Killed a deep elf archer
   157 | D        | Killed a deep elf knight
   158 | D        | Reached skill level 10 in Long Blades
   158 | D        | Reached skill level 5 in Dodging
   158 | D        | Reached XP level 9. HP: 66/79 MP: 9/9
   159 | D        | Killed a deep elf pyromancer
   160 | D        | Reached skill level 5 in Armour
   160 | D        | Killed a deep elf zephyrmancer
   161 | D        | Reached skill level 11 in Long Blades
   177 | D        | Entered arena 7.
   177 | D        | Noticed a spriggan rider
   178 | D        | Found a transporter.
   181 | D        | Reached ****** piety under Makhleb
   182 | D        | Reached skill level 10 in Evocations
   183 | D        | Reached XP level 10. HP: 87/88 MP: 10/10
   193 | D        | Entered arena 8.
   193 | D        | Noticed a vault warden
   193 | D        | Noticed a vault sentinel
   193 | D        | Noticed a vault warden
   193 | D        | Noticed a wizard
   193 | D        | Noticed a vault guard
   193 | D        | Noticed a yaktaur captain
   197 | D        | Killed a wizard
   198 | D        | Killed a vault guard
   199 | D        | Reached skill level 10 in Fighting
   199 | D        | Reached skill level 12 in Long Blades
   199 | D        | Killed a vault sentinel
   199 | D        | Killed a vault warden
   202 | D        | Killed a vault warden
   203 | D        | Reached XP level 11. HP: 59/99 MP: 11/11
   203 | D        | Killed a yaktaur captain
   204 | D        | Reached skill level 13 in Long Blades
   204 | D        | Found a transporter.
   332 | D        | Entered arena 9.
   345 | D        | Found a transporter.
   353 | D        | Got the Collected Works on the Mountains and the Volcanoes
   372 | D        | Entered arena 10.
   384 | D        | Found a transporter.
   483 | D        | Entered arena 11.
   492 | D        | Found a transporter.
   500 | D        | Got the Handbook of Agnosticism
   504 | D        | Entered arena 12.
   504 | D        | Noticed a six-headed hydra
   504 | D        | Noticed a five-headed hydra
   513 | D        | Killed an eight-headed hydra
   518 | D        | Killed an eight-headed hydra
   519 | D        | Reached skill level 10 in Dodging
   522 | D        | Found a transporter.
   528 | D        | Got the amulet "Catos" {rC+ Regen+ SInv}
   556 | D        | Entered arena 13.
   557 | D        | Noticed a soul eater
   557 | D        | Noticed a ghoul
   557 | D        | Noticed a ghoul
   559 | D        | Found a transporter.
   576 | D        | Killed a ghoul
   577 | D        | Reached skill level 14 in Long Blades
   581 | D        | Killed a ghoul
   582 | D        | Reached skill level 10 in Armour
   595 | D        | Killed a soul eater
   596 | D        | Reached XP level 12. HP: 63/110 MP: 12/12
   600 | D        | Got the Compendium of the End
   605 | D        | Got the Reference Book on Torrid Lightness
   633 | D        | Entered arena 14.
   639 | D        | Noticed a crystal guardian
   639 | D        | Noticed a crystal guardian
   639 | D        | Found the +3 robe of Clouds {*Thunder rCloud rElec}
   643 | D        | Noticed a crystal guardian
   643 | D        | Noticed a crystal guardian
   643 | D        | Noticed a crystal guardian
   644 | D        | Found a transporter.
   653 | D        | Killed a crystal guardian
   653 | D        | Killed a crystal guardian
   653 | D        | Killed a crystal guardian
   655 | D        | Killed a crystal guardian
   657 | D        | Killed a crystal guardian
   658 | D        | Reached skill level 15 in Long Blades
   676 | D        | Entered arena 15.
   678 | D        | Noticed an anaconda
   678 | D        | Noticed a two-headed ogre
   678 | D        | Noticed a red very ugly thing
   681 | D        | Noticed an anaconda
   681 | D        | Identified the amulet "Ufego" {Reflect MP+9 Dex+3 SH+5}
   681 | D        | Noticed an ettin
   681 | D        | an anaconda changed into an ettin
   681 | D        | an anaconda changed into a glowing shapeshifter
   681 | D        | Gained mutation: You are frail. (-10% HP) [a neqoxec]
   687 | D        | Noticed an anaconda
   687 | D        | Noticed a spark wasp
   687 | D        | Noticed an ettin
   687 | D        | a spark wasp changed into an ettin
   689 | D        | Noticed a death yak
   689 | D        | an ettin changed into a death yak
   692 | D        | an anaconda changed into a glowing shapeshifter
   696 | D        | Noticed an anaconda
   697 | D        | Noticed an ettin
   697 | D        | an anaconda changed into an ettin
   698 | D        | Killed a red very ugly thing
   701 | D        | Killed a death yak
   702 | D        | Killed an ettin
   705 | D        | Found a transporter.
   716 | D        | Got the Catalogue of Twisted Ice
   722 | D        | Entered arena 16.
   726 | D        | Noticed a storm dragon
   726 | D        | Noticed a storm dragon
   726 | D        | Noticed a storm dragon
   726 | D        | Noticed a spriggan air mage
   727 | D        | Noticed a titan
   727 | D        | Noticed a storm dragon
   727 | D        | Noticed a storm dragon
   727 | D        | Noticed a spriggan air mage
   742 | D        | HP: 5/104 [titan/the air (29)]
   742 | D        | Slain by a spriggan air mage

Illustrated notes

Levels and vault maps discovered:
D:        sprint_v [room_start, room_1, room_2, room_3, room_4, room_5, room_6,
          room_7, room_8, room_9, room_10, room_11, room_12, room_13, room_14,
          room_15, room_16, room_17, room_18, room_19, room_20, room_21,
          room_22, room_23, room_24, room_25, room_26, room_27]

Skill      XL: |  1  2  3  4  5  6  7  8  9 10 11 12 |
---------------+-------------------------------------+-----
Fighting       | 4 5 6 7 9 11 12 14 | 14.3
Long Blades    | 4 5 7 8 9 10 11 12 14 15 | 15.7
Shields        | 2 3 5 6 7 8 9 |  9.0
Evocations     | 3 5 7 8 9 10 11 13 14 | 14.3
Armour         | 1 3 4 6 8 10 11 | 11.7
Dodging        | 3 4 5 7 8 10 12 | 12.0
Stealth        | |  1.2

Action                   |  1- 3 |  4- 6 |  7- 9 | 10-12 || total
-------------------------+-------+-------+-------+-------++-------
Melee: Double sword      |     4 |     1 |     4 |    87 ||    96
       Tailslap          |       |       |     1 |    24 ||    25
 Abil: Rolling Charge    |       |     1 |       |       ||     1
Evoke: Lightning rod     |       |     6 |    12 |    21 ||    39
       Wand              |       |       |     2 |       ||     2
       Box of beasts     |       |       |       |     1 ||     1
  Use: Potion            |     4 |     3 |     1 |    10 ||    18
 Stab: Invisible         |       |       |       |     1 ||     1
Armor: Storm dragon scal |     5 |     9 |     6 |    44 ||    64
Dodge: Dodged            |     2 |     1 |     3 |    54 ||    60
       Repelled          |       |       |       |     4 ||     4
Block: Buckler           |       |     7 |       |       ||     7
       Kite shield       |       |     1 |    10 |    70 ||    81
       Rpst.: Double sword |     1 |       |       |     9 ||    10

Table legend: (Time is in decaauts)
 A = Elapsed time spent in this place.
 B = Non-inter-level travel time spent in this place.
 C = Inter-level travel time spent in this place.
 D = Time resting spent in this place.
 E = Time spent auto-exploring this place.
 F = Levels seen in this place.
 G = Mean time per level.
                   A        B        C        D        E       F      G
               +--------+--------+--------+--------+--------+-----+--------+
         Total |    708 |    708 |      0 |    195 |      0 |   1 |  708.0 |
       Dungeon |    708 |    708 |      0 |    195 |      0 |   1 |  708.0 |
               +--------+--------+--------+--------+--------+-----+--------+

Top non-repeatable levels by time:
       D: 708 daAuts
